cohdb
Replays
Latest Replays
All Replays
Popular Replays
Top Player Replays
Match Explorer
How It Works
Community
CoH3 Stats
Reddit
Sign in to upload your games and track your stats! →
Sign in with Steam
Match 43934146
Unlisted
Match 43934146
Overview
Messages
Build Orders
End
Scout Squad
Construct Weapon Support Center
Selects Heavy Weapons
M1919 Machine Gun Team
Bazooka Squad
M1919 Machine Gun Team
Construct Barracks
Infantry Support Center
Riflemen Squad
M3 Armored Personnel Carrier
Selects Assault Carriers
Selects Exchangeable Parts
Grenade Package
AI Takeover
noob
Willaguy
0
0
Comments
sign in to comment!
No comments posted yet!